 Dungeon Crawl Stone Soup version 0.31.0-32-g396128a36d (webtiles) character file.

Game seed: 16492830281311858199

1354 0gre the Chiller (level 8, -3/58 HPs)
             Began as a Gnoll Ice Elementalist on Apr 11, 2024.
             Was an Elder of Cheibriados.
             Slain by an orc warrior
             ... wielding a +0 great sword
              (6 damage)
             ... on level 5 of the Dungeon.
             The game lasted 00:19:26 (3741 turns).

0gre the Chiller (Gnoll Ice Elementalist)           Turns: 3741, Time: 00:19:26

Health: -3/58      AC:  3    Str: 19    XL:     8   Next: 63%
Magic:  11/17      EV: 17    Int: 24    God:    Cheibriados [****..]
Gold:   186        SH:  0    Dex: 24    Spells: 12/19 levels left

rFire   . . .        a - +0 long sword
rCold   . . .        (no shield)
rNeg    . . .        c - +0 robe
rPois   .            (no helmet)
rElec   .            o - scarf {repulsion}
rCorr   .            (no gloves)
SInv    .            i - +0 pair of boots
Will    +....        (no amulet)
Stlth   ++++         (no ring)
HPRegen 0.29/turn    (no ring)
MPRegen 0.15/turn

%: repel missiles
@: enlightened, flying, very slow
A: fangs 1, strong nose, distributed training
a: Renounce Religion, Bend Time, Temporal Distortion, Slouch


You were on level 5 of the Dungeon.
You worshipped Cheibriados.
Cheibriados was greatly pleased with you.
You visited 1 branch of the dungeon, and saw 5 of its levels.

You collected 220 gold pieces.
You spent 34 gold pieces at shops.

Inventory:

Hand Weapons
 a - a +0 long sword (weapon)
 d - a +2 great mace
Missiles
 k - 3 boomerangs
 p - 10 poisoned darts
Armour
 c - a +0 robe (worn)
 i - a +0 pair of boots (worn)
 j - a +0 cloak
 o - a scarf of repulsion (worn)
Jewellery
 e - a ring of flight
Wands
 u - a wand of iceblast (10)
Scrolls
 f - a scroll of fog {unknown}
 h - a scroll of brand weapon {unknown}
 l - a scroll of teleportation {unknown}
 m - a scroll of summoning {unknown}
 n - a scroll of enchant weapon {unknown}
 q - a scroll of poison {unknown}
Potions
 b - 2 potions of magic
 r - a potion of enlightenment
 t - a potion of ambrosia {unknown}
 v - a potion of degeneration {unknown}


   Skills:
 + Level 3.5 Fighting
 + Level 3.5 Short Blades
 + Level 3.5 Long Blades
 + Level 3.5 Axes
 + Level 3.5 Maces & Flails
 + Level 3.5 Polearms
 + Level 3.5 Staves
 + Level 3.5 Ranged Weapons
 + Level 3.5 Throwing
 + Level 3.5 Armour
 + Level 5.9 Dodging
 + Level 5.5 Stealth
 + Level 3.5 Shields
 + Level 3.5 Unarmed Combat
 + Level 6.2 Spellcasting
 + Level 2.9 Conjurations
 + Level 2.9 Hexes
 + Level 2.9 Summonings
 + Level 2.9 Necromancy
 + Level 2.9 Translocations
 + Level 2.9 Fire Magic
 + Level 7.7 Ice Magic
 + Level 2.9 Air Magic
 + Level 2.9 Earth Magic
 + Level 2.9 Alchemy
 + Level 3.9 Invocations
 + Level 3.5 Evocations
 + Level 3.2 Shapeshifting


You had 12 spell levels left.
You knew the following spells:

 Your Spells              Type           Power      Damage    Failure   Level
a - Freeze                Ice            100%       1d10      1%          1
b - Frozen Ramparts       Ice            88%        1d14      1%          3
c - Summon Ice Beast      Ice/Summ       33%        N/A       2%          3

Your spell library contained the following spells:

 Spells                   Type           Power      Damage    Failure   Level
 Ensorcelled Hibernation  Hex/Ice        66%        N/A       1%          2
 Ozocubu's Armour         Ice            44%        N/A       1%          3
 Apportation              Tloc           42%        N/A       2%          1
 Necrotise                Necr           84%        1d8       2%          1
 Sting                    Conj/Alch      84%        1d8       2%          1
 Summon Small Mammal      Summ           84%        N/A       2%          1
 Gell's Gravitas          Tloc           21%        N/A       7%          3
 Passwall                 Erth           21%        N/A       7%          3
 Swiftness                Air            21%        N/A       7%          3
 Teleport Other           Tloc           21%        N/A       7%          3
 Dispersal                Tloc           10%        N/A       98%         6


Dungeon Overview and Level Annotations

Branches:
Dungeon (5/15)
 Temple: D:4-7

Altars:
Cheibriados
Elyvilon

Shops:
D:3 *

Annotations:
D:1 1 transporter
D:5 Eustachio


Innate Abilities, Weirdness & Mutations

You have very sharp teeth.
Your uncanny sense of smell can sniff out nearby items.
Your experience applies equally to all skills.


Message History

It was a potion of heal wounds.
You feel much better.
The wall freezes the gnoll sergeant but does no damage.
The gnoll sergeant barely misses you.
The wall freezes the orc warrior.
The orc warrior closely misses you.
Throw: 2 javelins
Press: ? - help, Q - select action, (/) - cycle Shift-Dir - straight line, f - gnoll sergeant
Aim: a gnoll sergeant, wielding a +0 trident, wearing a +0 chain mail and wearing a +0 kite shield (lightly wounded, 77% to hit)
You throw a javelin.
The javelin barely misses the orc warrior.
The javelin pierces through the gnoll sergeant!
The gnoll sergeant is heavily wounded.
The wall freezes the gnoll sergeant but does no damage.
The gnoll sergeant closely misses you.
The wall freezes Eustachio!
Eustachio casts a spell.
Eustachio blinks!
The wall freezes the orc warrior.
The orc warrior barely misses you.
Throw: javelin
Press: ? - help, Q - select action, (/) - cycle Shift-Dir - straight line, f/p - gnoll sergeant
Aim: a gnoll sergeant, wielding a +0 trident, wearing a +0 chain mail and wearing a +0 kite shield (heavily wounded, 77% to hit)
You throw a javelin.
The javelin pierces through the orc warrior but does no damage.
The orc warrior is severely wounded.
The javelin pierces through the gnoll sergeant.
The gnoll sergeant is severely wounded.
The wall freezes the gnoll sergeant.
The gnoll sergeant closely misses you.
The wall freezes the orc warrior but does no damage.
The orc warrior hits you with a +0 great sword!!
You barely miss the orc warrior.
The orc warrior is severely wounded.
The frozen ramparts melt away.
The gnoll sergeant barely misses you. The orc warrior completely misses you.
The gnoll sergeant hits you from afar with a +0 trident.
* * * LOW HITPOINT WARNING * * *
The gnoll sergeant attacks as it pursues you!
The gnoll sergeant hits you from afar with a +0 trident!
* * * LOW HITPOINT WARNING * * *
The orc warrior hits you with a +0 great sword.
* * * LOW HITPOINT WARNING * * *
The orc warrior hits you with a +0 great sword.
You die...

.....###.# #....
###....#.# ###+#....
#)#.@#.#.# #......(.
###....#.######.......
....:@)#.....##.....#
#)).....''.....#
#g##....##.....###
#o##....)....)†).)
#@##.....#########
#...####.# #...# #.#
## #...# #.# #. #...#
#.# #. #.### #.# #.
#.# #.# #. #.# ##


You could see Eustachio, an orc warrior and a gnoll sergeant.

Vanquished Creatures
  The ghost of AgateBread the Trooper, an amateur OnAE (D:4)
  An orc warrior (D:5)
  An ogre (D:5)
  2 gnoll sergeants (D:5)
  2 scorpions
  A wight (D:5)
  6 killer bees (D:5)
  A bombardier beetle (D:4)
  An iguana (D:4)
  Natasha (twice) (D:3)
  An orc wizard (D:5)
  5 adders
  A white imp (D:5)
  4 dart slugs
  3 ribbon worms (D:3)
  6 orcs
  6 bats
  3 endoplasms
  A giant cockroach (D:3)
  9 goblins
  9 hobgoblins
  3 jackals (D:1)
  2 quokkas
  8 ball pythons
  3 frilled lizards
  5 kobolds
  7 rats
  2 butterflies (D:5)
96 creatures vanquished.

Vanquished Creatures (collateral kills)
  2 ogres (D:4)
  Natasha (D:3)
3 creatures vanquished.

Grand Total: 99 creatures vanquished

Notes
Turn   | Place    | Note
-------+----------+-------------------------------------------
     0 | D:1      | 0gre the Gnoll Ice Elementalist began the quest for the
                  | Orb.
     0 | D:1      | Reached XP level 1. HP: 13/13 MP: 6/6
     0 | D:1      | Found a faded altar of an unknown god.
     5 | D:1      | Prayed at the altar of an unknown god.
     5 | D:1      | Became a worshipper of Cheibriados the Contemplative
     5 | D:1      | Reached * piety under Cheibriados
   156 | D:1      | Reached XP level 2. HP: 19/19 MP: 7/7
   443 | D:1      | Reached skill level 5 in Spellcasting
   443 | D:1      | Reached XP level 3. HP: 21/25 MP: 7/9
   447 | D:1      | Learned a level 3 spell: Frozen Ramparts
   515 | D:1      | Reached ** piety under Cheibriados
   748 | D:2      | Reached skill level 1 in Invocations
   792 | D:2      | Found a white marble altar of Elyvilon.
  1293 | D:2      | Reached skill level 1 in Fighting
  1293 | D:2      | Reached skill level 1 in Short Blades
  1293 | D:2      | Reached skill level 1 in Long Blades
  1293 | D:2      | Reached skill level 1 in Axes
  1293 | D:2      | Reached skill level 1 in Maces & Flails
  1293 | D:2      | Reached skill level 1 in Polearms
  1293 | D:2      | Reached skill level 1 in Staves
  1293 | D:2      | Reached skill level 1 in Ranged Weapons
  1293 | D:2      | Reached skill level 1 in Throwing
  1293 | D:2      | Reached skill level 1 in Armour
  1293 | D:2      | Reached skill level 1 in Shields
  1293 | D:2      | Reached skill level 1 in Unarmed Combat
  1293 | D:2      | Reached skill level 1 in Evocations
  1331 | D:2      | Reached skill level 1 in Shapeshifting
  1331 | D:2      | Reached XP level 4. HP: 32/32 MP: 11/11
  1653 | D:2      | Learned a level 3 spell: Summon Ice Beast
  1946 | D:3      | Reached *** piety under Cheibriados
  1975 | D:3      | Found Gaarysih's Assorted Antiques.
  1980 | D:3      | Reached skill level 1 in Conjurations
  1980 | D:3      | Reached skill level 1 in Hexes
  1980 | D:3      | Reached skill level 1 in Summonings
  1980 | D:3      | Reached skill level 1 in Necromancy
  1980 | D:3      | Reached skill level 1 in Translocations
  1980 | D:3      | Reached skill level 1 in Fire Magic
  1980 | D:3      | Reached skill level 1 in Air Magic
  1980 | D:3      | Reached skill level 1 in Earth Magic
  1980 | D:3      | Reached skill level 1 in Alchemy
  1987 | D:3      | Bought a scroll labelled NAEH GAUZEIPPO for 17 gold pieces
  1987 | D:3      | Bought a scroll labelled KARID FOGUIR for 17 gold pieces
  2291 | D:3      | Noticed Natasha
  2295 | D:3      | Killed Natasha
  2296 | D:3      | Reached XP level 5. HP: 36/37 MP: 8/12
  2319 | D:3      | Noticed Natasha
  2323 | D:3      | Killed Natasha
  2596 | D:3      | Noticed Natasha
  2611 | D:3      | Killed Natasha
  2844 | D:4      | Reached XP level 6. HP: 44/44 MP: 10/14
  2935 | D:4      | Reached skill level 5 in Dodging
  2959 | D:4      | Noticed AgateBread's ghost (amateur OnAE)
  2960 | D:4      | Found a transporter.
  2967 | D:4      | Found a transporter.
  3557 | D:4      | Killed AgateBread's ghost
  3558 | D:4      | Reached XP level 7. HP: 49/51 MP: 9/15
  3559 | D:4      | Reached **** piety under Cheibriados
  3560 | D:4      | Reached skill level 5 in Stealth
  3607 | D:5      | Entered Level 5 of the Dungeon
  3634 | D:5      | Reached XP level 8. HP: 40/58 MP: 13/16
  3706 | D:5      | Noticed Eustachio
  3741 | D:5      | Slain by an orc warrior

Illustrated notes

Levels and vault maps discovered:
D:1:      spicycebolla_arrival_risky_transporter, layout_loops_ring,
          basic_ecumenical_altar
D:2:      layout_loops_corners, basic_altar, grunt_decor_clamped, minmay_puff
D:3:      layout_basic, serial_shops, shop, cheibrodos_sewer_entry_bend,
          uniq_natasha
D:4:      layout_gridville, gammafunk_ghost_smash
D:5:      layout_basic, mainiacjoe_overflow_concentric_impassable,
          mainiacjoe_overflow_paths, minmay_temple_entry_butterflies,
          gammafunk_ghost_grave, sword_in_stone

Skill      XL: |  1  2  3  4  5  6  7  8 |
---------------+-------------------------+-----
Spellcasting   | 5 6 |  6.2
Invocations    | 1 2 3 |  3.9
Fighting       | 1 2 3 |  3.5
Short Blades   | 1 2 3 |  3.5
Long Blades    | 1 2 3 |  3.5
Axes           | 1 2 3 |  3.5
Maces & Flails | 1 2 3 |  3.5
Polearms       | 1 2 3 |  3.5
Staves         | 1 2 3 |  3.5
Ranged Weapons | 1 2 3 |  3.5
Throwing       | 1 2 3 |  3.5
Armour         | 1 2 3 |  3.5
Shields        | 1 2 3 |  3.5
Unarmed Combat | 1 2 3 |  3.5
Evocations     | 1 2 3 |  3.5
Shapeshifting  | 1 2 3 |  3.2
Conjurations   | 1 2 |  2.9
Hexes          | 1 2 |  2.9
Summonings     | 1 2 |  2.9
Necromancy     | 1 2 |  2.9
Translocations | 1 2 |  2.9
Fire Magic     | 1 2 |  2.9
Air Magic      | 1 2 |  2.9
Earth Magic    | 1 2 |  2.9
Alchemy        | 1 2 |  2.9
Dodging        | 5 |  5.9
Stealth        | 5 |  5.5
Ice Magic      | |  7.7

Action                     |  1- 3 |  4- 6 |  7- 9 || total
---------------------------+-------+-------+-------++-------
  Melee: Short sword       |    75 |    20 |       ||    95
         Bite              |     9 |     4 |     4 ||    17
         Punch             |     2 |     2 |       ||     4
         Long sword        |       |    57 |    27 ||    84
  Throw: Javelin           |       |     6 |     4 ||    10
         Boomerang         |       |     1 |     8 ||     9
   Cast: Freeze            |     7 |     1 |       ||     8
         Frozen Ramparts   |       |    11 |     6 ||    17
         Summon Ice Beast  |       |     3 |     1 ||     4
  Evoke: Wand              |       |     1 |       ||     1
    Use: Potion            |       |       |     2 ||     2
   Stab: Sleeping          |    12 |    11 |     1 ||    24
 Armour: Robe              |    34 |    40 |    17 ||    91
  Dodge: Dodged            |    34 |    71 |    46 ||   151
         Repelled          |       |     2 |       ||     2
